 Dungeon Crawl Stone Soup version 0.31-a0-1612-g4aaf141 (webtiles) character file.

Game seed: 3703361828638627446

965 PidgeyThePirate the Chopper (level 7, -6/54 HPs)
             Began as a Demonspawn Chaos Knight on Jan 9, 2024.
             Was a Plaything of Xom.
             Killed by an exploding scorpion (19 damage)
             ... ignited by their inner flame
             ... on level 5 of the Dungeon.
             The game lasted 00:09:01 (3798 turns).

PidgeyThePirate the Chopper (DsCK)                  Turns: 3798, Time: 00:09:01

Health: -6/54      AC: 12    Str: 18    XL:     7   Next: 93%
Magic:  7/7        EV: 11    Int: 11    God:    Xom [*.....]
Gold:   236        SH:  0    Dex: 14    Spells: 6/6 levels left

rFire   . . .        a - +1 hand axe (chaos)
rCold   . . .        (no shield)
rNeg    + . .        e - +5 ring mail
rPois   .            (no helmet)
rElec   .            y - +0 cloak
rCorr   .            (no gloves)
SInv    .            (no boots)
Will    .....        t - amulet of the acrobat
Stlth   +++          h - ring of positive energy
HPRegen 0.29/turn    (no ring)
MPRegen 0.10/turn

%: acrobat
@: lethally poisoned (-6 -> -16), weak-willed
A: thin skeletal structure 1, foul stench 1, strong 1, inability to drink after
injury 1, persistent drain
a: Renounce Religion


You were on level 5 of the Dungeon.
You worshipped Xom.
You were a special plaything of Xom.
You visited 1 branch of the dungeon, and saw 5 of its levels.

You collected 236 gold pieces.

Inventory:

Hand Weapons
 a - a +1 hand axe of chaos (weapon)
Armour
 b - a +2 leather armour
 e - a +5 ring mail (worn)
 y - a +0 cloak (worn)
Jewellery
 h - a ring of positive energy (left hand)
 o - an amulet of guardian spirit
 t - an amulet of the acrobat (around neck)
Scrolls
 c - a scroll of butterflies
 i - 2 scrolls of immolation
 k - 4 scrolls of identify
 n - 2 scrolls of vulnerability
 q - a scroll of revelation
 u - a scroll of fog
Potions
 j - a potion of might {unknown}
 l - a potion of invisibility {unknown}
 m - a potion of mutation {unknown}
 p - a potion of experience {unknown}
 r - a potion of lignification {unknown}
 s - a potion of attraction {unknown}
 v - a potion of ambrosia {unknown}
 x - a potion of curing
 z - a potion of degeneration {unknown}


   Skills:
 + Level 4.2 Fighting
 * Level 5.7 Axes
 + Level 4.3 Armour
 + Level 2.9 Dodging
 + Level 3.3 Stealth


You had 6 spell levels left.
You didn't know any spells.
Your spell library contained the following spells:

 Spells                   Type           Power      Damage    Failure   Level
 Sandblast                Erth           0%         2d4       52%         1
 Ensorcelled Hibernation  Hex/Ice        0%         N/A       65%         2
 Call Canine Familiar     Summ           0%         N/A       87%         3
 Passwall                 Erth           0%         N/A       87%         3
 Sigil of Binding         Hex            0%         N/A       87%         3
 Stone Arrow              Conj/Erth      0%         3d7       87%         3
 Swiftness                Air            0%         N/A       87%         3
 Brom's Barrelling Bould  Conj/Erth      0%         2d3       99%         4
 Dimensional Bullseye     Hex/Tloc       0%         N/A       99%         4


Dungeon Overview and Level Annotations

Branches:
Dungeon (5/15)             Temple (0/1) D:4

Altars:
Ashenzari
Dithmenos
Fedhas
Vehumet

Shops:
D:3 (![?


Innate Abilities, Weirdness & Mutations

You have a somewhat thin skeletal structure. (Dex +2, Stealth+)
You may rarely emit foul miasma when damaged in melee.
Your muscles are strong. (Str +4, Int/Dex -1)
You occasionally lose the ability to drink potions when taking damage.
Your health recovers twice as slowly from being drained.


Message History

The scorpion stings you but does no damage.
Something barely misses the water moccasin.
Blink to where?
Press: ? - help, Dir - move target, f - water moccasin
Aim: a water moccasin (black smoke, lightly wounded, inner flame, weak-willed)
You can't blink onto the water moccasin!
Blink to where?
Press: ? - help, Dir - move target, p - water moccasin
As you read the scroll labelled VACVUBLEBO, it crumbles to dust.
It was a scroll of blinking.
You feel sick.
You are no longer poisoned.
The scorpion barely misses you. The orc hits you with a +5 short sword.
You hit the orc.
Flame seeps out of the orc.
You freeze the orc.
Flame seeps out of the orc.
The orc is moderately wounded.
You hit the scorpion.
Flame seeps out of the scorpion.
The scorpion is poisoned.
You closely miss the orc.
Flame seeps out of the scorpion.
The scorpion misses you. The orc barely misses you. x2
It was a potion of curing.
You feel better.
Xom thinks this is hilarious!
Flame seeps out of the scorpion.
The scorpion stings you.
You are poisoned.
The scorpion poisons you!
The orc hits you with a +3 whip of chaos.
The orc burns you. The orc hits you but does no damage.
The scorpion closely misses you.
You hit the orc.
Flame seeps out of the orc.
The orc is duplicated!
The orc is severely wounded.
You hit the scorpion.
Flame seeps out of the scorpion.
You hit the orc.
The orc explodes!
The fiery explosion engulfs you!
* * * LOW HITPOINT WARNING * * *
The fiery explosion engulfs the orc!! x2; That felt strangely unrewarding.
The orc explodes!
The fiery explosion engulfs the scorpion!!!
The scorpion explodes!
The fiery explosion engulfs you!!
You die...
Xom laughs nastily!

####### ####.###.#.......
#.....###........ ###
#§##.###.#)#..... ######.####
#S##..#.o...o.... ......#...#
#S##...o....... # ..##(###..#
#§##...........# ....## ##<#
#5##...S.......#
..##.###).#######§##..........##
.####.#.))....§§@§§..o......:.#
.............^.§§§§o..........
..#######.#######§#######...##
....# #.# #.# #.... ..#.# #>#
..# #### ...... ... #### #######
###


You could see a shadow imp (inner flame, confused, weak-willed).

Vanquished Creatures
  An unseen horror (D:4)
  Sigmund (D:3)
  3 scorpions (D:5)
  2 orc priests
  A bombardier beetle (D:3)
  Crazy Yiuf (D:3)
  5 orc wizards
  3 gnolls (D:4)
  8 adders
  A dart slug (D:2)
  2 ribbon worms
  13 orcs
  5 ball pythons
  6 endoplasms
  8 giant cockroaches
  5 goblins
  3 hobgoblins
  9 jackals
  2 quokkas
  4 bats
  4 frilled lizards
  6 kobolds
  A rat (D:2)
94 creatures vanquished.

Notes
Turn   | Place    | Note
-------+----------+-------------------------------------------
     0 | D:1      | PidgeyThePirate the Demonspawn Chaos Knight began the quest
                  | for the Orb.
     0 | D:1      | Reached XP level 1. HP: 18/18 MP: 1/1
   204 | D:1      | Reached skill level 3 in Axes
   204 | D:1      | Gained mutation: You may rarely emit foul miasma when
                  | damaged in melee. [demonic ancestry]
   204 | D:1      | Reached XP level 2. HP: 24/24 MP: 2/2
   898 | D:2      | Reached XP level 3. HP: 21/29 MP: 3/3
   994 | D:2      | XOM: 1-stop teleportation journey
  1090 | D:2      | XOM: silly message
  1399 | D:3      | XOM: divination: detect creatures
  1438 | D:3      | Found a faded altar of an unknown god.
  1464 | D:3      | Noticed Sigmund
  1468 | D:3      | XOM: enchant monster (good)
  1472 | D:3      | Killed Sigmund
  1473 | D:3      | Reached skill level 4 in Axes
  1473 | D:3      | Reached skill level 1 in Dodging
  1473 | D:3      | Reached skill level 1 in Stealth
  1473 | D:3      | Reached XP level 4. HP: 35/35 MP: 4/4
  1473 | D:3      | Reached XP level 5. HP: 41/41 MP: 5/5
  1487 | D:3      | Found Jumy's Weapon Boutique.
  1503 | D:3      | Found Fomy's Distillery.
  1528 | D:3      | XOM: enchant monster (bad)
  1613 | D:3      | XOM: divination: detect creatures
  1654 | D:3      | Found a runed translucent door.
  1655 | D:3      | Noticed Crazy Yiuf
  1742 | D:3      | Found a shadowy altar of Dithmenos.
  1828 | D:3      | Gained mutation: You have a somewhat thin skeletal
                  | structure. (Dex +2, Stealth+) [demonic ancestry]
  1828 | D:3      | Reached XP level 6. HP: 47/47 MP: 6/6
  1839 | D:3      | Found Fianoi's Armour Shop.
  2008 | D:3      | Found Nuuroa's Magic Scroll Shoppe.
  2152 | D:3      | Killed Crazy Yiuf
  2183 | D:3      | XOM: give mutations
  2183 | D:3      | Gained mutation: You occasionally lose the ability to drink
                  | potions when taking damage. [Xom's mischief]
  2183 | D:3      | Gained mutation: Your health recovers twice as slowly from
                  | being drained. [Xom's mischief]
  2183 | D:3      | Gained mutation: You occasionally shout uncontrollably at
                  | your foes. [Xom's mischief]
  2183 | D:3      | Lost mutation: You occasionally shout uncontrollably at
                  | your foes. [Xom's mischief]
  2336 | D:4      | Found a broken altar of Ashenzari.
  2389 | D:4      | Found a radiant altar of Vehumet.
  2496 | D:4      | Found a staircase to the Ecumenical Temple.
  2521 | D:4      | XOM: confusion
  2559 | D:4      | XOM: torment (27/47 hp)
  2571 | D:4      | XOM: enchant monster (bad)
  2728 | D:4      | XOM: noise
  2987 | D:4      | XOM: silly message
  2997 | D:4      | XOM: polymorph scorpion -> something unseen
  3033 | D:4      | Killed an unseen horror
  3034 | D:4      | Reached skill level 5 in Axes
  3034 | D:4      | Reached XP level 7. HP: 30/53 MP: 7/7
  3130 | D:4      | XOM: summons 1 hostile shadow creature
  3155 | D:4      | XOM: give mutation
  3155 | D:4      | Gained mutation: Your muscles are strong. (Str +4, Int/Dex
                  | -1) [Xom's grace]
  3161 | D:4      | XOM: swap monsters
  3329 | D:4      | XOM: summons 4 hostile demons
  3355 | D:5      | Entered Level 5 of the Dungeon
  3363 | D:5      | XOM: confusion
  3639 | D:5      | XOM: enchant monster (good)
  3659 | D:5      | Found a blossoming altar of Fedhas.
  3751 | D:5      | XOM: chaos upgrade
  3753 | D:5      | XOM: 4-stop teleportation journey
  3759 | D:5      | XOM: scenery: summon butterflies
  3778 | D:5      | XOM: confusion (+ monsters)
  3781 | D:5      | XOM: swap monsters
  3793 | D:5      | XOM: swap monsters
  3798 | D:5      | Killed by an exploding scorpion... ignited by their inner
                  | flame

Illustrated notes

Levels and vault maps discovered:
D:1:      roderic_dead_forest, layout_loops_cross, minmay_door_square
D:2:      layout_basic, kennysheep_nub
D:3:      layout_rooms, nicolae_dithmenos_the_darkroom,
          shapermc_ecumenical_altar_gd, serial_shops, nicolae_shop_rolled_up,
          nicolae_shop_hallway_stairs, shop, nicolae_shop_advertising_works
          [nicolae_subvault_shop_adworks], saegor_snake_ambush, uniq_sigmund,
          uniq_crazy_yiuf_cottage
D:4:      layout_gridville, lemuel_crystal_altar, kennysheep_little_box,
          minmay_temple_entry_large_hall
D:5:      layout_loops_ring, mainiacjoe_overflow_brackets

Skill      XL: |  1  2  3  4  5  6  7 |
---------------+----------------------+-----
Axes           | 3 4 5 |  5.7
Armour         | 2 3 4 |  4.3
Dodging        | 1 2 |  2.9
Stealth        | 1 2 3 |  3.3
Fighting       | 4 |  4.2

Action                     |  1- 3 |  4- 6 |  7- 9 || total
---------------------------+-------+-------+-------++-------
  Melee: Hand axe          |    75 |   129 |   146 ||   350
         Punch             |       |     2 |       ||     2
    Use: Potion            |     1 |     1 |     2 ||     4
         Scroll            |       |       |     8 ||     8
   Stab: Paralysed         |     4 |       |       ||     4
         Petrified         |       |     2 |     3 ||     5
         Petrifying        |       |     2 |     2 ||     4
         Confused          |       |     1 |     1 ||     2
         Sleeping          |       |       |     1 ||     1
 Armour: Leather armour    |     6 |       |       ||     6
         Ring mail         |    42 |    84 |   123 ||   249
  Dodge: Dodged            |    42 |   147 |   117 ||   306

Table legend: (Time is in decaauts)
 A = Elapsed time spent in this place.
 B = Non-inter-level travel time spent in this place.
 C = Inter-level travel time spent in this place.
 D = Time resting spent in this place.
 E = Time spent auto-exploring this place.
 F = Levels seen in this place.
 G = Mean time per level.
                   A        B        C        D        E       F      G
               +--------+--------+--------+--------+--------+-----+--------+
         Total |   3855 |   3673 |    182 |      0 |   2556 |   5 |  771.0 |
       Dungeon |   3855 |   3673 |    182 |      0 |   2556 |   5 |  771.0 |
               +--------+--------+--------+--------+--------+-----+--------+

Top non-repeatable levels by time:
     D:4: 1127 daAuts
     D:3: 882 daAuts
     D:1: 803 daAuts
     D:2: 597 daAuts
     D:5: 445 daAuts
